 Dungeon Crawl Stone Soup version 0.23.2-1-ga50397a (webtiles) character file.

Game seed: 12518828732176233138

30 HASTUR3 the Ducker (level 3, -1/19 HPs)
             Began as a Spriggan Abyssal Knight on May 25, 2019.
             Was a Follower of Lugonu.
             Slain by an iguana (13 damage)
             ... on level 2 of the Dungeon.
             The game lasted 00:03:24 (1523 turns).

HASTUR3 the Ducker (Spriggan Abyssal Knight)        Turns: 1523, Time: 00:03:24

Health: -1/19      AC:  2    Str:  8    XL:     3   Next: 3%
Magic:  5/5        EV: 19    Int: 13    God:    Lugonu [*.....]
Gold:   50         SH:  0    Dex: 16    Spells: 2/2 levels left

rFire    . . .     SeeInvis +   a - +1 short sword
rCold    . . .     Gourm    .   (shield restricted)
rNeg     . . .     Faith    .   b - +0 robe
rPois    .         Spirit   .   (helmet restricted)
rElec    .         Reflect  .   (no cloak)
rCorr    .         Harm     .   (gloves unavailable)
MR       .....                  (boots unavailable)
Stlth    ++........             (no amulet)
HPRegen  0.06/turn              (no ring)
MPRegen  0.09/turn              (no ring)

@: very quick
A: very small, unfitting armour, see invisible, herbivore, speed 3, slow
metabolism 2
a: Depart the Abyss, Renounce Religion


You were on level 2 of the Dungeon.
You worshipped Lugonu.
Lugonu was aware of your devotion.
You were not hungry.

You visited 1 branch of the dungeon, and saw 2 of its levels.
You visited the Abyss 1 time.

You collected 50 gold pieces.

Inventory:

Hand Weapons
 a - a +1 short sword (weapon)
 f - a +0 dagger
Armour
 b - a +0 robe (worn)
 k - a +2 hat
Jewellery
 d - an uncursed ring of positive energy {unknown}
Scrolls
 i - a scroll of remove curse
 j - a scroll of identify {unknown}
Potions
 e - a potion of invisibility {unknown}
 g - a potion of resistance {unknown}
 h - a potion of curing {unknown}
Comestibles
 c - 2 rations


   Skills:
 - Level 2.4 Fighting
 + Level 2.5 Short Blades
 + Level 4.0 Dodging
 * Level 2.6 Stealth
 + Level 2.1 Invocations


You had 2 spell levels left.
You didn't know any spells.
Your spell library was empty.

Dungeon Overview and Level Annotations

Branches:
Dungeon (2/15)

Altars:


Innate Abilities, Weirdness & Mutations

You are very small and have problems with some larger weapons.
You are too small for most types of armour.
You have supernaturally acute eyesight. (SInv)
You are a herbivore.
You cover ground extremely quickly.
You need to consume almost no food.


Message History

You hit the iguana but do no damage.
The iguana is moderately wounded.
The iguana misses you.
You hit the iguana.
The iguana is heavily wounded.
The iguana bites you.
You closely miss the iguana.
The iguana is heavily wounded.
The iguana closely misses you.
You hit the iguana but do no damage.
The iguana is heavily wounded.
The iguana misses you.
You hit the iguana.
The iguana is severely wounded.
The iguana misses you.
You barely miss the iguana.
The iguana is severely wounded.
The iguana bites you!
Ouch! That really hurt!
You die...

######### ##.......#
#........# #.#.#?#..#
#........######
#.#.#.#.......##########
#......................#
#.#.#.#..#.##..>........
#.....l@###.....####.†.#
###.#.##.#.####.†.......
#.. ..# ####..[... ##
...... ##..... .##..###
##...# ..# ##).# #.#
##.# .# #.. #..


You could see an iguana.

Vanquished Creatures
  A dart slug (D:2)
  3 leopard geckos
  2 bats (D:1)
  6 goblins
  2 hobgoblins (D:1)
  2 jackals (D:2)
  3 kobolds (D:1)
  A frilled lizard (D:1)
  2 rats (D:1)
22 creatures vanquished.

Notes
Turn   | Place    | Note
-------+----------+-------------------------------------------
     0 | Abyss:1  | HASTUR3 the Spriggan Abyssal Knight began the quest for the
                  | Orb.
     0 | Abyss:1  | Reached XP level 1. HP: 11/11 MP: 3/3
     0 | D:1      | Escaped the Abyss
   255 | D:1      | Reached skill level 1 in Stealth
   310 | D:1      | Reached XP level 2. HP: 5/16 MP: 4/4
   859 | D:1      | Reached * piety under Lugonu
  1349 | D:2      | Reached skill level 4 in Dodging
  1498 | D:2      | Reached XP level 3. HP: 16/19 MP: 5/5
  1523 | D:2      | Slain by an iguana

Skill      XL: |  1  2 |
---------------+-------+-----
Stealth        | 1 2 |  2.6
Invocations    | 2 |  2.1
Dodging        | 4 |  4.0
Fighting       | |  2.4
Short Blades   | |  2.5

Action                   || total
-------------------------++-------
Melee: Short sword       ||    77
Invok: Depart the Abyss  ||     1
  Use: Scroll            ||     1
 Stab: Sleeping          ||     3
Armor: Robe              ||     2
Dodge: Dodged            ||    57
